 Dungeon Crawl Stone Soup version 0.20-a0-947-g2784f4f (webtiles) character file.

81 Hybris the Skirmisher (level 4, -4/30 HPs)
             Began as a Gargoyle Fighter on Apr 3, 2017.
             Slain by Crazy Yiuf
             ... wielding a +3 quarterstaff of chaos
              (13 damage)
             ... on level 2 of the Dungeon.
             The game lasted 00:04:38 (1554 turns).

Hybris the Skirmisher (Gargoyle Fighter)            Turns: 1554, Time: 00:04:39

Health: -4/30      AC: 14    Str: 20    XL:     4   Next: 40%
Magic:  0/4        EV:  7    Int:  9    God:
Gold:   56         SH:  9    Dex:  9    Spells: 3/3 levels left

rFire    . . .     SeeInvis .   h - +0 mace (curse)
rCold    . . .     Gourm    .   c - +0 shield
rNeg     + . .     Faith    .   b - +0 scale mail
rPois    ∞         Spirit   +   d - +0 helmet (curse)
rElec    +         Reflect  .   p - +0 cloak
rCorr    .         Harm     .   (no gloves)
MR       .....                  m - +1 pair of boots
Stlth    ..........             g - amulet of guardian spirit
Regen    0.1/turn               (no ring)
MPRegen  0.1/turn               (no ring)

@: no status effects
A: negative energy resistance 1, electricity resistance, unbreathing,
petrification resistance, rot immunity, AC +3
a: no special abilities


You were on level 2 of the Dungeon.
You were not hungry.

You visited 1 branch of the dungeon, and saw 2 of its levels.

You collected 56 gold pieces.

Inventory:

Hand Weapons
 a - a +0 flail
 h - a cursed +0 mace (weapon)
 t - a +2 hunting sling of freezing
Missiles
 s - 62 stones (quivered)
Armour
 b - a +0 scale mail (worn)
 c - a +0 shield (worn)
 d - a cursed +0 helmet (worn)
 m - a +1 pair of boots (worn)
 p - a +0 cloak (worn)
Jewellery
 g - an amulet of guardian spirit (around neck)
Scrolls
 l - 2 scrolls of fog
 n - 2 scrolls of identify
Potions
 e - 3 potions of haste
 k - a potion of resistance {unknown}
 q - a potion of cancellation
 r - a potion of agility {unknown}
Books
 u - a book of Alchemy

   Spells                             Type                      Level
   a - Sublimation of Blood           Necromancy                   2
   b - Ignite Poison                  Fire/Transmutation/Poison    3
   c - Petrify                        Transmutation/Earth          4
   d - Alistair's Intoxication        Transmutation/Poison         5
   e - Irradiate                      Conjuration/Transmutation    5
Comestibles
 f - 3 bread rations
 i - a meat ration
 j - 3 fruits


   Skills:
 + Level 4.4 Fighting
 * Level 3.6 Maces & Flails
 - Level 3.2 Armour
 - Level 3.2 Shields


You had 3 spell levels left.
You didn't know any spells.

Dungeon Overview and Level Annotations

Branches:
Dungeon (2/15)

Altars:

Annotations:
D:2 Crazy Yiuf


Innate Abilities, Weirdness & Mutations

You are resistant to torment.
Your stone body is resilient. (AC +3)
You are immune to poison.
You resist negative energy. (rN+)
You are resistant to electric shocks. (rElec)
You can survive without breathing.
You are immune to petrification.
You are immune to rotting.


Message History

Crazy Yiuf burns you.
Your scale mail prevents you from hitting Crazy Yiuf.
Crazy Yiuf is lightly wounded.
Crazy Yiuf misses you.
Your shield and scale mail prevent you from hitting Crazy Yiuf.
Crazy Yiuf is lightly wounded.
Crazy Yiuf hits you but does no damage.
You suddenly lose the ability to move!
Crazy Yiuf hits you but does no damage.
Crazy Yiuf hits you with a quarterstaff of chaos!
You feel yourself slow down.
Crazy Yiuf hits you with a quarterstaff of chaos.
Crazy Yiuf freezes you.
* * * LOW HITPOINT WARNING * * *
You can move again.
It was a potion of cancellation.
Your magical effects are unravelling.
You feel magically purged.
You feel yourself speed up.
Crazy Yiuf hits you with a quarterstaff of chaos!
You die...

###### #....####
##### #.......##
###..)#
#........####.'@g.#
#.........#..##...#
#........#.########
########
#....#######
####......# ##<...#
#....####)##
......#### #.####
#..# .........#
###.# ##.#
.........####
###...# #.#
.........>..#
#....## #.#


You could see Crazy Yiuf.

Vanquished Creatures
  Robin (D:2)
  An adder (D:2)
  A worm (D:2)
  3 dart slugs
  A leopard gecko (D:1)
  3 giant cockroaches (D:1)
  16 goblins
  3 hobgoblins (D:2)
  3 jackals (D:2)
  4 bats (D:1)
  5 frilled lizards
  5 kobolds
  5 rats
51 creatures vanquished.

Notes
Turn   | Place    | Note
-------+----------+-------------------------------------------
     0 | D:1      | Hybris the Gargoyle Fighter began the quest for the Orb.
     0 | D:1      | Reached XP level 1. HP: 14/14 MP: 1/1
   171 | D:1      | Reached XP level 2. HP: 15/19 MP: 2/2
   738 | D:1      | Reached XP level 3. HP: 23/24 MP: 3/3
   987 | D:2      | Reached skill level 4 in Fighting
  1043 | D:2      | Noticed Robin
  1048 | D:2      | Killed Robin
  1054 | D:2      | Reached XP level 4. HP: 28/29 MP: 4/4
  1435 | D:2      | Found a runed door.
  1545 | D:2      | Noticed Crazy Yiuf
  1550 | D:2      | Paralysed by Crazy Yiuf for 4 turns
  1554 | D:2      | Slain by Crazy Yiuf

Vault maps used:
D:1:      lemuel_arrival_muddy
D:2:      first_bread, uniq_crazy_yiuf_cottage, uniq_robin

Skill      XL: |  1  2  3 |
---------------+----------+-----
Fighting       | 4 |  4.4
Maces & Flails | 3 |  3.6
Armour         | |  3.2
Shields        | |  3.2

Action                   |  1- 3 |  4- 6 || total
-------------------------+-------+-------++-------
Melee: Mace              |   101 |    56 ||   157
       Flail             |     5 |       ||     5
  Use: Scroll            |     5 |     1 ||     6
       Potion            |     1 |     1 ||     2
  Eat: Chunk             |     1 |     1 ||     2
Armor: Scale mail        |    76 |    46 ||   122
Dodge: Dodged            |    29 |    26 ||    55
Block: Shield            |    74 |    33 ||   107
